 Dungeon Crawl Stone Soup version 0.32-a0-17-gb74e046682 (webtiles) character file.

Game seed: 17281879612089589465

6241326 Implojin the Executioner (level 26, 144/151 HPs)
             Began as a Gargoyle Gladiator on Jan 14, 2024.
             Was an Elder of Okawaru.
             Escaped with the Orb
             ... and 5 runes
             ... and 8 gems (all intact) on Jan 16, 2024!
             The game lasted 03:17:53 (34022 turns).

Implojin the Executioner (Gargoyle Gladiator)      Turns: 34022, Time: 03:17:53

Health: 144/151    AC: 45    Str: 21    XL:     26   Next: 11%
Magic:  31/31      EV: 36    Int:  8    God:    Okawaru [****..]
Gold:   2676       SH: 33    Dex: 28    Spells: 24/25 levels left

rFire   + + .        i - +9 broad axe (freeze)
rCold   + . .        U - +10 tower shield of Ignorance {rN+ Int-4}
rNeg    + + .        W - +2 fire dragon scales
rPois   ∞            (helmet restricted)
rElec   +            B - +1 cloak of the Ego {-Cast Rampage rC+ Dex+4}
rCorr   .            R - +2 pair of gloves {Str+3}
SInv    +            F - +2 pair of boots {Fly}
Will    ++...        K - amulet of Higestah {Regen+ Dex+5}
Stlth   +            J - ring of the Hare {EV+10}
HPRegen 1.25/turn    C - ring of Rationality {rC+ Will+ Int+3 SInv}
MPRegen 0.22/turn

%: no spellcasting, rampage
@: marked, flying, studying Short Blades
A: sickness immunity, AC +20, big wings, negative energy resistance 1,
electricity resistance, torment resistance 1, petrification resistance, antennae
1, deterioration 1, dopey 2, frail 1, wild magic 1
0: Orb of Zot
}: 5/15 runes: serpentine, barnacled, slimy, silver, abyssal
a: Renounce Religion, Heroism, Finesse


You escaped.
You worshipped Okawaru.
Okawaru was greatly pleased with you.
You visited 11 branches of the dungeon, and saw 53 of its levels.
You visited the Abyss 2 times.
You also visited: Sewer, Ossuary and Gauntlet.

You collected 6250 gold pieces.
You spent 3574 gold pieces at shops.

Inventory:

Hand Weapons
 i - a +9 broad axe of freezing (weapon)
Missiles
 a - 20 atropa-tipped darts
 d - 42 javelins
 l - 3 darts of dispersal
 v - 12 datura-tipped darts
 y - 45 boomerangs (quivered)
 E - 7 curare-tipped darts
 Q - 3 silver javelins
 X - 7 throwing nets
Armour
 A - a scarf of resistance
 B - the +1 cloak of the Ego (worn) {-Cast Rampage rC+ Dex+4}
   (You bought it in a shop on level 2 of the Elven Halls)

   Dex+4:     It affects your dexterity (+4).
   rC+:       It protects you from cold.
   -Cast:     It prevents spellcasting.
   Rampage:   It bestows one free step when moving towards enemies.
 F - a +2 pair of boots of flying (worn)
 O - the +18 shield of the Gong {Loud rN+ Will+ rCorr EV-5}
   (You found it in a Gauntlet)

   Loud:      It is deafeningly noisy when blocking attacks.
   EV-5:      It affects your evasion (-5).
   rN+:       It protects you from negative energy.
   Will+:     It increases your willpower.
   rCorr:     It protects you from acid and corrosion.
 R - a +2 pair of gloves of strength (worn)
 U - the +10 tower shield of Ignorance (worn) {rN+ Int-4}
   (You bought it in a shop on level 2 of the Orcish Mines)

   Int-4:     It affects your intelligence (-4).
   rN+:       It protects you from negative energy.
 V - the +0 helmet of Duuk {Int-5 Dex+3 Stlth+}
   (You found it on level 5 of the Vaults)

   Int-5:     It affects your intelligence (-5).
   Dex+3:     It affects your dexterity (+3).
   Stlth+:    It makes you more stealthy.
 W - +2 fire dragon scales (worn)
Jewellery
 b - a ring of protection from fire
 f - the ring of the Inviting Priest {rPois rF+++ Will- SInv}
   (You found it on level 5 of the Pits of Slime)

   [ring of see invisible]

   rF+++:     It renders you almost immune to fire.
   rPois:     It protects you from poison Will-: It decreases your willpower.
   SInv:      It lets you see invisible.
 k - the ring of Xagu {rN+ Dex+4}
   (You took it off a fire giant on level 4 of the Depths)

   [ring of positive energy]

   Dex+4:     It affects your dexterity (+4).
   rN+:       It protects you from negative energy.
 p - the ring of the Republic {+Blink Int-2 Dex+6 Slay+5 Stlth-}
   (You bought it in a shop on level 1 of the Dungeon)

   [ring of dexterity]

   Int-2:     It affects your intelligence (-2).
   Dex+6:     It affects your dexterity (+6).
   Slay+5:    It affects your accuracy & damage with ranged weapons and melee
   (+5).
   +Blink:    It lets you blink.
   Stlth-:    It makes you less stealthy.
 u - a ring of willpower
 C - the ring of Rationality (right hand) {rC+ Will+ Int+3 SInv}
   (You bought it in a shop on level 1 of the Dungeon)

   [ring of willpower]

   Int+3:     It affects your intelligence (+3).
   rC+:       It protects you from cold.
   Will+:     It increases your willpower.
   SInv:      It lets you see invisible.
 J - the ring of the Hare (left hand) {EV+10}
   (You found it on level 7 of the Dungeon)

   [ring of evasion]

   EV+10:     It affects your evasion (+10).
 K - the amulet of Higestah (around neck) {Regen+ Dex+5}
   (You acquired it on level 5 of the Vaults)

   [amulet of regeneration]

   Dex+5:     It affects your dexterity (+5).
   Regen+:    It increases your rate of health regeneration.
Talismans
 m - a talisman of death
Wands
 t - a wand of light (42)
 L - a wand of paralysis (31)
 Z - a wand of digging (2)
Scrolls
 e - 5 scrolls of immolation
 r - 3 scrolls of silence
 s - 4 scrolls of blinking
 x - a scroll of fog
 z - 8 scrolls of teleportation
 P - 2 scrolls of fear
 T - 4 scrolls of vulnerability
Potions
 c - 4 potions of invisibility
 g - 4 potions of mutation
 h - 6 potions of heal wounds
 n - a potion of might
 o - 6 potions of curing
 q - 2 potions of resistance
 w - 2 potions of haste
 D - a potion of cancellation
 H - 4 potions of enlightenment
 I - 3 potions of berserk rage
 N - 4 potions of magic
Miscellaneous
 j - a phial of floods
 Y - a condenser vane


   Skills:
 - Level 18.0 Fighting
 - Level 22.0 Axes
 - Level 10.0 Throwing
 - Level 15.0 Armour
 * Level 20.1 Dodging
 - Level 4.0 Stealth
 - Level 15.0 Shields
 - Level 15.0 Unarmed Combat
 - Level 8.0 Translocations
 - Level 11.0 Invocations
 - Level 6.0 Evocations


You had 24 spell levels left.
You knew the following spells:

 Your Spells              Type           Power      Damage    Failure   Level
a - Apportation           Tloc           32%        N/A       16%         1

Your spell library contained the following spells:

 Spells                   Type           Power      Damage    Failure   Level
 Blink                    Tloc           32%        N/A       22%         2
 Momentum Strike          Conj/Tloc      16%        3d8       71%         2
 Foxfire                  Conj/Fire      0%         2x1d4     97%         1
 Kiss of Death            Conj/Necr      0%         2d5       97%         1
 Magic Dart               Conj           0%         1d3       97%         1
 Necrotise                Necr           0%         1d4       97%         1
 Sandblast                Erth           0%         2d4       97%         1
 Shock                    Conj/Air       0%         1d3       97%         1
 Slow                     Hex            0%         N/A       97%         1
 Sting                    Conj/Alch      0%         1d3       97%         1
 Ensorcelled Hibernation  Hex/Ice        0%         N/A       99%         2
 Jinxbite                 Hex            0%         N/A       99%         2
 Mercury Vapours          Alch/Air       0%         N/A       99%         2
 Searing Ray              Conj           0%         2d4       99%         2
 Dimensional Bullseye     Hex/Tloc       4%         N/A       99%         4
 Iskenderun's Mystic Bla  Conj/Tloc      8%         2d4       99%         4
 Confusing Touch          Hex            0%         N/A       100%        3
 Dazzling Flash           Conj/Hex       0%         N/A       100%        3
 Frozen Ramparts          Ice            0%         1d1       100%        3
 Hailstorm                Conj/Ice       0%         3d5       100%        3
 Inner Flame              Hex/Fire       0%         N/A       100%        3
 Mephitic Cloud           Conj/Alch/Air  0%         N/A       100%        3
 Ozocubu's Armour         Ice            0%         N/A       100%        3
 Passwall                 Erth           0%         N/A       100%        3
 Sigil of Binding         Hex            0%         N/A       100%        3
 Stone Arrow              Conj/Erth      0%         3d7       100%        3
 Swiftness                Air            0%         N/A       100%        3
 Vampiric Draining        Necr           0%         2d6       100%        3
 Airstrike                Air            0%         2d(0-16)  100%        4
 Anguish                  Hex/Necr       0%         N/A       100%        4
 Brom's Barrelling Bould  Conj/Erth      0%         2d3       100%        4
 Cause Fear               Hex            0%         N/A       100%        4
 Flame Wave               Conj/Fire      0%         2d4       100%        4
 Ignite Poison            Fire/Alch      0%         N/A       100%        4
 Leda's Liquefaction      Alch/Erth      0%         N/A       100%        4
 Petrify                  Alch/Erth      0%         N/A       100%        4
 Sticky Flame             Fire/Alch      0%         2d4       100%        4
 Alistair's Intoxication  Alch           0%         N/A       100%        5
 Arcjolt                  Conj/Air       0%         1d10      100%        5
 Borgnjor's Vile Clutch   Necr/Erth      0%         N/A       100%        5
 Curse of Agony           Necr           0%         N/A       100%        5
 Freezing Cloud           Conj/Ice/Air   0%         6-21      100%        5
 Irradiate                Conj/Alch      0%         3d11      100%        5
 Iskenderun's Battlesphe  Conj           0%         2d6       100%        5
 Lee's Rapid Deconstruct  Erth           0%         3d4*      100%        5
 Metabolic Englaciation   Hex/Ice        0%         N/A       100%        5
 Silence                  Hex/Air        0%         N/A       100%        5
 Yara's Violent Unravell  Hex/Alch       0%         3d3       100%        5
 Bombard                  Conj/Erth      0%         9d1       100%        6
 Eringya's Noxious Bog    Alch           0%         4d6       100%        6
 Plasma Beam              Fire/Air       0%         2x1d10    100%        6
 Starburst                Conj/Fire      0%         6d3       100%        6
 Enfeeble                 Hex            0%         N/A       100%        7
 Ignition                 Fire           0%         3d3       100%        8
 Maxwell's Capacitive Co  Air            0%         ∞         100%        8
 Death's Door             Necr           0%         N/A       100%        9
 Shatter                  Erth           0%         3d5*      100%        9
 Summon Small Mammal      Summ           Unusable   N/A       N/A         1
 Call Imp                 Summ           Unusable   N/A       N/A         2
 Cigotuvi's Dreadful Rot  Necr/Alch/Air  Unusable   N/A       N/A         2
 Tukima's Dance           Hex            Unusable   N/A       N/A         3
 Animate Armour           Summ/Erth      Unusable   N/A       N/A         4
 Sculpt Simulacrum        Ice/Alch       Unusable   N/A       N/A         6
 Haunt                    Necr/Summ      Unusable   N/A       N/A         7
 Spellforged Servitor     Conj/Summ      Unusable   N/A       N/A         7

Dungeon Overview and Level Annotations

Branches:
Dungeon (15/15)            Temple (1/1) D:7            Lair (5/5) D:8
 Shoals (4/4) Lair:2        Snake (4/4) Lair:2        Slime (5/5) Lair:5
    Orc (2/2) D:10            Elf (3/3) Orc:2        Vaults (5/5) D:14
 Depths (4/4) D:15            Zot (5/5) Depths:4      Sewer (visited)
Ossuary (visited)         Gauntlet (visited)
  Crypt: Vaults:2-3

Altars:
Ashenzari
Cheibriados
Dithmenos
Elyvilon
Fedhas
Gozag
Hepliaklqana
Kikubaaqudgha
Makhleb
Nemelex Xobeh
Okawaru
Qazlal
Ru
Sif Muna
Trog
Uskayaw
Vehumet
Wu Jian
Xom
Yredelemnul
Zin
The Shining One
Jiyva

Shops:
D:1 =   D:8 *   D:10 [   D:11 (   Orc:2 *!*[   Elf:2 [   Shoals:1 *

Portals:
Hell: Depths:4
Abyss: Depths:4
Pandemonium: Depths:4
Ziggurat: Depths:4

Annotations:
D:12 8 runed translucent doors
Depths:2 1 runed translucent door, nocore's ghost, veteran OnSh


Innate Abilities, Weirdness & Mutations

You are immune to sickness and miasma.
Your stone body is resilient. (AC +20)
You are immune to poison.
Your large and strong wings let you fly.
You resist negative energy. (rN+)
You are resistant to electric shocks. (rElec)
You are resistant to unholy torment.
You are immune to petrification.
You have a pair of small antennae on your head.
Your body sometimes deteriorates upon taking damage.
You are very dopey. (Int -4)
You are frail. (-10% HP)
Your spells are a little harder to cast, but a little more powerful.


Message History

Aiming: Dig
Press: ? - help, Shift-Dir - straight line A rock wall.
This square is covered in magical glow.
The rock shatters into small pieces.
Danger: Hell Sentinel |T2| Reason: Damnation in LOS, careful!
There is a stone staircase leading up here.
You fly upwards.
There is a stone staircase leading down here.
Unknown command.
You feel like a meek peon again.
A Focvid, a lich and a hellwing come into view.
Danger: Focvid |T3| Reason: Sentinel's Mark 32%, equip more Will?
Danger: lich |T2| Reason: Slow 10%, equip more Will?
Focvid moves out of view.
The lich moves out of view.
The hellwing moves out of view.
You reach down and open the door.
There is an open door here.
Focvid gestures at you.
The orb of electricity explodes!
The orb of electricity engulfs you! You resist.
There is an open door here.
Danger: Focvid |T3| Reason: Sentinel's Mark 32%, equip more Will?
Aiming: Dig
Press: ? - help, Shift-Dir - straight line This square is covered in magical glow.
The rock shatters into small pieces.
Danger: Focvid |T3| Reason: Sentinel's Mark 32%, equip more Will?
Blink to where?
Press: ? - help, Dir - move target
As you read the scroll of blinking, it crumbles to dust.
Danger: Focvid |T3| Reason: Sentinel's Mark 32%, equip more Will?
You reach down and open the door.
Focvid gestures at you. A sentinel's mark forms upon you.
Danger: Focvid |T3| Reason: Sentinel's Mark 32%, equip more Will?
Blink to where?
Press: ? - help, Dir - move target
As you read the scroll of blinking, it crumbles to dust.
You have escaped!

..+..# #.#.....#...#...#^ ..##.#
#########'#########.##..#. ...#.#
#.................#.##.... ...#.#
#.#.###########.#.#.###.4. ...#.#
#.##.#.......#.##.### #... ...#.#
#.#.#.###+###.#.#.# #&.. ...#.#
#.#.#.#.....#.#.#)# #{..
...).###.#.#.#.....#.#.#.#####.#.
#+##.'.'.#.#.+..@..'.....'&'.#.##
#.##.###.#.#.#.....#.#.#.###...#
#.#### #.#.#.#.....#.#.#.#####.##
#.## #.#.#.###'###.#.#.#.......
...# #.##.#.......#.##.#.###.#.
#### #.#.###########.#.#.###.#. #
#.................#.#...#. ####
#########+#########.+...#. ...#
#.#.....#####...#.


There were no monsters in sight!

Vanquished Creatures
  the Royal Jelly (Slime:5)
  2 ancient liches (Zot:5)
  A pandemonium lord (Depths:3)
  Mara (Elf:3)
  3 orbs of fire (Zot:5)
  A juggernaut (Depths:4)
  Sojobo (Vaults:5)
  Bai Suzhen (Vaults:5)
  Vashnia (Snake:4)
  7 Killer Klowns (Zot:5)
  Saint Roka (Vaults:5)
  8 golden dragons
  A bone dragon (Abyss:4)
  Norris (Elf:3)
  Jory (Vaults:4)
  An electric golem (Zot:5)
  Rupert (Lair:5)
  Jorgrun (Snake:2)
  11 tentacled monstrosities
  2 liches
  A walking crystal tome (Depths:4)
  An Ice Fiend (Depths:3)
  A deep elf master archer (Elf:3)
  A walking frostbound tome (Depths:3)
  4 titans
  4 quicksilver dragons
  3 deep elf blademasters
  24 Orb Guardians
  The ghost of Namoxzo the Warrior, an adept VSBr of Okawaru (Vaults:3)
  7 sphinxes
  A kraken (Shoals:4)
  25 acid blobs
  2 death cobs
  2 tentacled starspawn
  A thorn hunter (Abyss:4)
  Donald (Snake:4)
  4 shadow dragons
  4 storm dragons
  9 tengu reavers
  7 rockslimes
  7 fire giants
  Aizul (Snake:4)
  7 azure jellies
  6 frost giants
  2 draconian monks
  A protean progenitor (Zot:2)
  2 draconian knights
  21 vault wardens
  5 nagarajas (Snake:4)
  4 deep elf sorcerers
  A draconian shifter (Zot:1)
  Louise (Elf:3)
  3 draconian scorchers
  2 ghost moths (Abyss:4)
  5 iron dragons
  4 orc warlords
  11 quicksilver oozes
  A cacodemon (Depths:1)
  14 very ugly things
  3 spriggan defenders (Depths:4)
  20 ironbound preservers
  7 ironbound thunderhulks
  4 formless jellyfish
  18 stone giants
  A draconian annihilator (Zot:3)
  2 vampire knights (Depths:4)
  4 deep elf demonologists
  A minotaur (Gauntlet)
  7 deep elf annihilators
  3 deep elf death magi
  8 dire elephants
  A purple draconian (Zot:2)
  2 white draconians
  3 black draconians
  A yellow draconian (Zot:1)
  5 red draconians
  2 war gargoyles
  13 ettins
  A crystal guardian (Vaults:2)
  4 spark wasps (Depths:2)
  3 fire dragons
  6 merfolk impalers
  2 entropy weavers
  8 great orbs of eyes
  7 deep elf high priests
  10 yaktaur captains
  4 ice dragons
  2 salamander tyrants
  50 vault guards
  8 hydras
  4 catoblepae
  An ogre mage (D:14)
  23 centaur warriors
  3 peacekeepers
  2 rakshasas
  5 spriggan air magi
  5 boulder beetles
  6 ironbound frosthearts
  3 merfolk aquamancers
  3 two-headed ogres
  20 dancing weapons
  An alligator snapping turtle (Shoals:2)
  5 anacondas
  11 satyrs
  10 death yaks
  10 naga warriors
  4 deep troll shamans
  2 orc high priests
  A shock serpent (Snake:1)
  6 deep troll earth magi
  2 occultists
  A vampire mage (Vaults:3)
  18 naga sharpshooters
  8 tengu warriors
  19 hell knights
  A thrashing horror (Abyss:4)
  2 shock serpents (shapeshifter)
  2 spriggan berserkers (Depths:4)
  A soul eater (Depths:3)
  2 wretched stars
  13 deep elf knights
  6 skysharks
  2 salamander mystics (Snake:4)
  3 skeletal warriors
  A bunyip zombie (Abyss:2)
  A fire crab (shapeshifter) (Vaults:5)
  4 iron trolls
  11 arcanists
  5 sea snakes
  27 deep trolls
  5 mana vipers
  3 glowing orange brains
  A death drake (shapeshifter) (Vaults:5)
  A shadow wraith (Vaults:5)
  6 large abominations
  6 deep elf archers
  A glowing orange brain (shapeshifter) (Vaults:5)
  5 flayed ghosts
  4 phantasmal warriors (Vaults:5)
  9 naga ritualists
  A sun moth (Zot:2)
  A sea snake (shapeshifter) (Vaults:4)
  13 ironbound convokers
  A tengu zombie (Vaults:2)
  14 orc knights
  An obsidian statue (Zot:5)
  2 swamp dragons (Abyss:4)
  11 starcursed masses (Abyss:4)
  8 necromancers
  25 deep elf zephyrmancers
  14 harpies
  41 ugly things
  9 lindwurms
  9 fauns
  2 orc sorcerers
  10 shining eyes
  21 deep elf pyromancers
  A worldbinder (Abyss:4)
  An oklob plant (Lair:5)
  9 cyclopes
  A faun (shapeshifter) (Vaults:4)
  17 manticores
  10 kobold blastminers
  5 water nymphs
  8 merfolk sirens
  15 salamanders
  7 moths of wrath
  An apocalypse crab (Abyss:4)
  16 vault sentinels
  11 guardian serpents
  2 orange demons
  A water nymph (shapeshifter) (Vaults:4)
  22 black mambas
  4 eyes of devastation
  6 elephants (Lair:5)
  11 naga magi
  2 stone giant skeletons (Vaults:2)
  10 cane toads
  2 rime drakes
  A hellion (Zot:5)
  4 gargoyles
  8 komodo dragons
  2 unseen horrors
  45 yaktaurs
  A komodo dragon (shapeshifter) (Vaults:5)
  Jeremiah (Lair:1)
  4 efreet
  2 kobold demonologists (D:12)
  A human skeleton (Vaults:2)
  A yaktaur (shapeshifter) (Depths:3)
  3 ancient zymes
  A harpy zombie (D:15)
  3 tengu conjurers
  25 merfolk
  10 trolls
  A polar bear (Lair:5)
  A wind drake (shapeshifter) (Vaults:5)
  Prince Ribbit (D:7)
  A tarantella (Vaults:4)
  6 blink frogs
  A tyrant leech (shapeshifter) (Vaults:5)
  4 dream sheep (Shoals:2)
  8 glass eyes
  3 wind drakes
  66 slime creatures
  A culicivora (Vaults:4)
  11 snapping turtles
  An air elemental (Elf:1)
  6 vampires
  12 water elementals
  A centaur simulacrum (D:13)
  4 wraiths
  A shadow (D:10)
  46 yaks
  A wyvern (D:8)
  A yak (shapeshifter) (D:13)
  20 fire elementals
  Grum (D:8)
  5 wargs
  A golden eye (Slime:5)
  A human (Lair:4)
  8 basilisks
  A chaos spawn (Zot:2)
  2 redbacks
  A vampire mosquito (D:12)
  42 nagas
  Edmund (D:6)
  5 acid dragons
  13 water moccasins
  3 black bears
  46 orc warriors
  6 ice beasts
  4 laughing skulls
  8 ogres
  An elephant zombie (D:15)
  A crocodile (Sewer)
  5 boggarts (Vaults:1)
  11 wolves
  18 centaurs
  5 phantoms
  3 kobold brigands
  A weeping skull (Gauntlet)
  10 bullfrogs
  3 gnoll sergeants
  2 earth elementals
  10 scorpions
  2 small abominations (D:15)
  11 wights
  15 killer bees
  3 spriggan zombies (D:15)
  2 howler monkeys
  4 electric eels (Lair:2)
  4 wolf zombies (D:15)
  2 centaur zombies (D:15)
  A spectral scorpion (Ossuary)
  15 orc priests
  2 centaur skeletons (Ossuary)
  3 gnoll boudas
  Jessica (D:3)
  5 iguanas
  22 orc wizards
  A crocodile zombie (Ossuary)
  8 mummies (Ossuary)
  27 gnolls
  9 adders
  A shadow imp (D:6)
  2 white imps
  4 ufetubi
  4 dart slugs
  5 ribbon worms
  98 orcs
  13 bats
  3 endoplasms
  6 giant cockroaches
  2 goblins (D:1)
  4 hobgoblins
  4 jackals (D:1)
  14 kobolds
  4 quokkas
  5 ball pythons
  8 frilled lizards
  A gnoll skeleton (Ossuary)
  A goblin zombie (D:7)
  A kobold skeleton (Ossuary)
  4 orc skeletons (Ossuary)
  A quokka zombie (D:7)
  11 rats
  10 spectral rats (Ossuary)
  A lurking horror (Abyss:4)
  A spectral weapon (Zot:5)
  A starspawn tentacle (Lair:4)
  4 tentacles (Shoals:4)
1975 creatures vanquished.

Vanquished Creatures (collateral kills)
  An ogre (D:6)
  An orc priest (D:4)
  A jelly (D:6)
  An iguana (D:6)
  An orc wizard (D:4)
5 creatures vanquished.

Vanquished Creatures (others)
  A sphinx (Shoals:4)
  A vault warden (Vaults:5)
  4 satyrs (Shoals:4)
  An anaconda (Snake:4)
  A dancing weapon (Elf:2)
  A harpy (Shoals:4)
  A deep elf zephyrmancer (Elf:1)
  An orc knight (Orc:2)
  A deep elf pyromancer (Elf:2)
  2 fauns (Shoals:4)
  2 manticores (Shoals:4)
  A merfolk (Shoals:4)
  An orc warrior (D:6)
  2 bats (D:2)
  A rat (D:2)
  4 starspawn tentacles
  4 tentacles (Shoals:4)
29 creatures vanquished.

Grand Total: 2009 creatures vanquished

Notes
Turn   | Place    | Note
-------+----------+-------------------------------------------
     0 | D:1      | Implojin the Gargoyle Gladiator began the quest for the
                  | Orb.
     0 | D:1      | Reached XP level 1. HP: 12/12 MP: 1/1
   108 | D:1      | Reached XP level 2. HP: 17/17 MP: 2/2
   223 | D:1      | Found Qusoa's One-of-a-Kind Rings.
   627 | D:1      | Reached XP level 3. HP: 21/21 MP: 3/3
  1227 | D:1      | Bought a +1 ring of protection for 36 gold pieces
  1626 | D:2      | Found a sparkling altar of Nemelex Xobeh.
  1850 | D:2      | Reached XP level 4. HP: 25/26 MP: 4/4
  1954 | D:2      | Reached skill level 5 in Unarmed Combat
  2241 | D:3      | Found a sparkling altar of Nemelex Xobeh.
  2322 | D:3      | Identified the +1 scale mail of Feafe {Int+5 Dex+2}
  2486 | D:3      | Reached XP level 5. HP: 30/30 MP: 5/5
  2542 | D:3      | Identified the +5 dagger "Etiened" {speed, rElec rF- rC+}
  2584 | D:3      | Noticed Jessica
  2588 | D:3      | Killed Jessica
  2894 | D:4      | Noticed a phantom
  2969 | D:4      | Noticed an ice beast
  2991 | D:3      | Killed an ice beast
  2992 | D:3      | Reached XP level 6. HP: 22/35 MP: 6/6
  3042 | D:3      | Upgraded the game from 0.32-a0-12-g7fc57aa741 to
                  | 0.32-a0-17-gb74e046682
  3446 | D:4      | Reached XP level 7. HP: 40/40 MP: 7/7
  3677 | D:5      | Entered Level 5 of the Dungeon
  3885 | D:5      | Reached XP level 8. HP: 48/48 MP: 8/8
  4443 | D:6      | Found a glowing drain.
  4483 | Sewer    | Entered a sewer
  4639 | Sewer    | Reached skill level 10 in Unarmed Combat
  4706 | Sewer    | Reached XP level 9. HP: 52/52 MP: 9/9
  5097 | D:6      | Noticed Edmund
  5119 | D:6      | Killed Edmund
  5607 | D:7      | Found a shimmering blue altar of Sif Muna.
  5625 | D:7      | Found a sand-covered staircase.
  5647 | Ossuary  | Entered an ossuary
  6010 | Ossuary  | Reached skill level 5 in Fighting
  6196 | D:7      | Found the ring of the Hare {EV+10}
  6214 | D:7      | Found a staircase to the Ecumenical Temple.
  6260 | D:7      | Found a bloodstained altar of Trog.
  6260 | D:7      | Noticed Prince Ribbit
  6288 | Temple   | Entered the Ecumenical Temple
  6326 | Temple   | Became a worshipper of Warmaster Okawaru
  6373 | D:7      | Killed Prince Ribbit
  6497 | D:7      | Reached XP level 10. HP: 57/61 MP: 10/10
  6564 | D:7      | Reached skill level 1 in Invocations
  6670 | D:7      | Reached * piety under Okawaru
  7140 | D:8      | Noticed Grum
  7169 | D:8      | Reached skill level 5 in Invocations
  7183 | D:8      | Killed Grum
  7327 | D:8      | Reached ** piety under Okawaru
  7341 | D:8      | Found a staircase to the Lair.
  7453 | D:8      | Found Caraef's Overcharged Wands.
  7698 | D:8      | Reached *** piety under Okawaru
  7700 | D:8      | Reached skill level 5 in Throwing
  7714 | D:8      | Reached skill level 1 in Armour
  8132 | D:9      | Found a glowing silver altar of Zin.
  8153 | D:9      | Noticed a two-headed ogre
  8497 | D:9      | Killed a two-headed ogre
  8497 | D:9      | Reached **** piety under Okawaru
  8498 | D:9      | Reached XP level 11. HP: 61/67 MP: 15/15
  8763 | D:9      | Found a white marble altar of Elyvilon.
  9281 | D:10     | Entered Level 10 of the Dungeon
  9282 | D:10     | Found a stormy altar of Qazlal.
  9362 | D:10     | Reached skill level 5 in Evocations
  9628 | D:10     | Found a sacrificial altar of Ru.
  9822 | D:10     | Found a staircase to the Orcish Mines.
  9884 | D:10     | Found Gaown's Armour Boutique.
 10398 | D:11     | Found Cilalu's Weapon Shoppe.
 10455 | D:11     | Reached ***** piety under Okawaru
 11285 | Lair:1   | Entered Level 1 of the Lair of Beasts
 11379 | D:12     | Noticed a green ugly thing
 11388 | D:12     | Killed a green ugly thing
 11512 | D:12     | Noticed a purple ugly thing
 11536 | D:12     | Killed a purple ugly thing
 11552 | D:12     | Received a gift from Okawaru
 11557 | D:12     | Noticed a manticore
 11749 | D:12     | Killed a manticore
 11882 | D:12     | Found a large runed translucent door.
 11883 | D:12     | Found a large runed translucent door.
 11884 | D:12     | Noticed an ettin
 11886 | D:12     | Found a large runed translucent door.
 11887 | D:12     | Found a large runed translucent door.
 11890 | D:12     | Noticed a cyclops
 11891 | D:12     | Found a large runed translucent door.
 11891 | D:12     | Found a large runed translucent door.
 11967 | D:12     | Noticed a red ugly thing
 11988 | D:12     | Killed a red ugly thing
 11989 | D:12     | Reached skill level 10 in Invocations
 12067 | D:12     | Noticed a cyclops
 12076 | D:12     | Reached XP level 12. HP: 72/72 MP: 19/19
 12124 | D:12     | Noticed a boulder beetle
 12167 | D:12     | Killed a boulder beetle
 12167 | D:12     | Received a gift from Okawaru
 12183 | D:12     | Identified the +8 trident of Severance {pain, rPois rF+++
                  | Int-2 SInv}
 12232 | D:12     | Found a large runed translucent door.
 12461 | D:12     | Found a large runed translucent door.
 12473 | D:12     | Received a gift from Okawaru
 12895 | D:12     | :what's going on with this vault, i wonder
 12895 | D:12     | :it's diggable, but only with multiple dig charges into the
                  | blocked-off door sections?
 12895 | D:12     | :feels bugged
 12918 | D:13     | Noticed a centaur warrior
 12947 | D:13     | Killed a centaur warrior
 12974 | D:13     | Got Zeosseim's Verses on Cleavage and Conjuring
 12997 | D:13     | Noticed a boulder beetle
 13001 | D:13     | Noticed a boulder beetle
 13024 | D:13     | Killed a boulder beetle
 13039 | D:13     | Killed a boulder beetle
 13049 | D:13     | Noticed a two-headed ogre
 13059 | D:13     | Killed a two-headed ogre
 13059 | D:13     | Received a gift from Okawaru
 13105 | D:13     | Noticed a five-headed hydra
 13106 | D:13     | Noticed a rakshasa
 13126 | D:13     | Killed a five-headed hydra
 13136 | D:13     | Killed a rakshasa
 13137 | D:13     | Reached skill level 15 in Unarmed Combat
 13214 | D:13     | Found a gate leading to a gauntlet.
 13225 | Gauntlet | Entered a Gauntlet
 13225 | Gauntlet | Found a transporter.
 13225 | Gauntlet | Found a transporter.
 13236 | Gauntlet | Found a transporter.
 13241 | Gauntlet | Found a transporter.
 13254 | Gauntlet | Found a transporter.
 13263 | Gauntlet | Found a transporter.
 13283 | Gauntlet | Found a transporter.
 13294 | Gauntlet | Found a transporter.
 13302 | Gauntlet | Found a transporter.
 13344 | Gauntlet | Noticed a quicksilver ooze
 13348 | Gauntlet | Found a transporter.
 13348 | Gauntlet | Found a transporter.
 13359 | Gauntlet | Found a transporter.
 13500 | Gauntlet | Killed a quicksilver ooze
 13501 | Gauntlet | Reached XP level 13. HP: 62/78 MP: 5/21
 13534 | Gauntlet | Identified the +1 cloak of Funoulimm {Harm rElec}
 13550 | Gauntlet | Noticed a minotaur
 13550 | Gauntlet | Found the +18 shield of the Gong {Loud rN+ Will+ rCorr
                  | EV-5}
 13566 | Gauntlet | Killed a minotaur
 13566 | Gauntlet | Received a gift from Okawaru
 13574 | Gauntlet | Identified the orb of Past Mistakes {mayhem, rF- Regen+
                  | SInv Conj}
 14196 | D:13     | Reached skill level 10 in Fighting
 14262 | D:13     | Reached skill level 5 in Armour
 14295 | D:13     | Received a gift from Okawaru
 14443 | D:13     | Reached ****** piety under Okawaru
 14451 | D:13     | Acquired a +1 heavy longbow
 14451 | D:13     | Received a gift from Okawaru
 14455 | D:13     | Acquired the +6 chain mail of the Old and Reckless {rN+
                  | MP+9 Slay+4 Stlth-}
 14455 | D:13     | Received a gift from Okawaru
 14545 | D:13     | Received a gift from Okawaru
 14613 | D:13     | Reached skill level 1 in Shields
 14642 | D:13     | Noticed a great orb of eyes
 14657 | D:13     | Killed a great orb of eyes
 14695 | D:13     | Reached skill level 5 in Shields
 14709 | D:13     | Received a gift from Okawaru
 14774 | D:13     | Gained mutation: Your large and strong wings let you fly.
                  | [Gargoyle growth]
 14774 | D:13     | Reached XP level 14. HP: 43/88 MP: 22/22
 14933 | D:13     | Identified the +4 scale mail of Guqocs {+Blink +Inv Will-
                  | Int+2}
 15371 | D:14     | Received a gift from Okawaru
 16131 | D:14     | Found a gate to the Vaults.
 16272 | D:15     | Entered Level 15 of the Dungeon
 16572 | D:15     | Reached skill level 10 in Shields
 16572 | D:15     | Found a staircase to the Depths.
 16616 | D:15     | Noticed a fire giant
 16629 | D:15     | Killed a fire giant
 16629 | D:15     | Received a gift from Okawaru
 16807 | D:15     | Found an ancient bone altar of Kikubaaqudgha.
 17197 | D:15     | Found a white marble altar of Elyvilon.
 17197 | D:15     | Found a glowing golden altar of the Shining One.
 17197 | D:15     | Found a glowing silver altar of Zin.
 17260 | D:14     | Reached skill level 1 in Axes
 17359 | Orc:1    | Entered Level 1 of the Orcish Mines
 17376 | Orc:1    | Reached skill level 2 in Axes
 17665 | Orc:2    | Entered Level 2 of the Orcish Mines
 17679 | Orc:2    | Reached skill level 3 in Axes
 17680 | Orc:2    | Paralysed by an orc sorcerer for 4 turns
 17716 | Orc:2    | Reached skill level 4 in Axes
 17884 | Orc:2    | Noticed an orc warlord
 17906 | Orc:2    | Reached skill level 5 in Axes
 17912 | Orc:2    | Killed an orc warlord
 18021 | Orc:2    | Found a staircase to the Elven Halls.
 18118 | Orc:2    | Received a gift from Okawaru
 18119 | Orc:2    | Reached skill level 6 in Axes
 18183 | Orc:2    | Found Paukit's Distillery.
 18183 | Orc:2    | Found Erolaera's General Store.
 18183 | Orc:2    | Found Montekka's Armour Shop.
 18193 | Orc:2    | Found Tely's Assorted Antiques.
 18237 | Orc:2    | Bought a scroll labelled QAXAIZ XIUVU for 38 gold pieces
 18549 | Orc:1    | Noticed an orc warlord
 18579 | Orc:2    | Reached skill level 7 in Axes
 18949 | Orc:1    | Killed an orc warlord
 18954 | Orc:1    | Reached XP level 15. HP: 89/92 MP: 23/23
 19133 | Orc:2    | Bought a scarf of resistance for 416 gold pieces
 19376 | D:1      | Bought the ring of the Republic {+Blink Int-2 Dex+6 Slay+5
                  | Stlth-} for 784 gold pieces
 19610 | Orc:2    | Bought a pair of embroidered gloves for 285 gold pieces
 19782 | Lair:1   | Reached skill level 8 in Axes
 19786 | Lair:1   | Received a gift from Okawaru
 19826 | Lair:1   | Noticed Jeremiah
 19842 | Lair:1   | Killed Jeremiah
 19930 | Lair:2   | Reached skill level 9 in Axes
 20029 | Lair:3   | Reached skill level 10 in Axes
 20040 | Lair:4   | Received a gift from Okawaru
 20105 | Lair:5   | Entered Level 5 of the Lair of Beasts
 20141 | Lair:5   | Reached skill level 11 in Axes
 20166 | Lair:5   | Received a gift from Okawaru
 20229 | Lair:5   | Noticed Rupert
 20243 | Lair:5   | Reached skill level 12 in Axes
 20248 | Lair:5   | Killed Rupert
 20248 | Lair:5   | Received a gift from Okawaru
 20254 | Lair:5   | Found a viscous altar of Jiyva.
 20317 | Lair:5   | Reached XP level 16. HP: 92/97 MP: 24/24
 20360 | Arena    | Entered the Arena
 20370 | Arena    | Reached skill level 13 in Axes
 20370 | Arena    | :oh i guess i didnt need duel, gargoyle probably petrify
                  | immune?
 20386 | Lair:5   | Got an earthy gem with 3126 turns to spare
 20480 | Lair:5   | Found a staircase to the Slime Pits.
 20677 | Arena    | Entered the Arena
 20740 | Lair:4   | Found a runed translucent door.
 20740 | Lair:4   | Noticed a tentacled starspawn
 20758 | Lair:4   | Killed a tentacled starspawn
 20889 | Lair:3   | Identified the +4 scale mail of Buatomni {rF+ Str+3}
 20947 | Lair:2   | Found a staircase to the Shoals.
 21082 | Shoals:1 | Entered Level 1 of the Shoals
 21127 | Shoals:1 | Received a gift from Okawaru
 21215 | Shoals:2 | Reached skill level 14 in Axes
 21231 | Shoals:2 | Received a gift from Okawaru
 21412 | Shoals:3 | Reached skill level 15 in Axes
 21433 | Shoals:3 | Learned a level 1 spell: Apportation
 21449 | Shoals:4 | Entered Level 4 of the Shoals
 21463 | Shoals:4 | Reached skill level 1 in Translocations
 21507 | Shoals:4 | Noticed a sphinx
 21507 | Shoals:4 | Noticed a sphinx
 21521 | Shoals:4 | Reached skill level 5 in Translocations
 21522 | Shoals:4 | Received a gift from Okawaru
 21529 | Arena    | Entered the Arena
 21559 | Shoals:4 | Noticed a sphinx
 21559 | Shoals:4 | Killed a sphinx
 21561 | Shoals:4 | :what
 21633 | Shoals:4 | Noticed a kraken
 21638 | Shoals:4 | Killed a sphinx
 21639 | Shoals:4 | Reached XP level 17. HP: 87/102 MP: 25/25
 21650 | Shoals:4 | Killed a kraken
 21650 | Shoals:4 | Noticed a sphinx
 21651 | Shoals:4 | Paralysed by a sphinx for 4 turns
 21663 | Shoals:4 | Killed a sphinx
 21676 | Shoals:4 | Killed a sphinx
 21689 | Shoals:4 | Gained mutation: Your spells are a little harder to cast,
                  | but a little more powerful. [potion of mutation]
 21689 | Shoals:4 | Gained mutation: You are dopey. (Int -2) [potion of
                  | mutation]
 21809 | Shoals:4 | Got the Spellbook of Discontinuous Malediction
 21909 | Shoals:4 | Got an azure gem with 1123 turns to spare
 21913 | Shoals:4 | Got a barnacled rune of Zot
 22227 | Shoals:1 | Found Oniz's CLEARANCE SALE!.
 22302 | Lair:2   | Found a staircase to the Snake Pit.
 22312 | Snake:1  | Entered Level 1 of the Snake Pit
 22328 | Snake:1  | Reached skill level 16 in Axes
 22440 | Snake:3  | Received a gift from Okawaru
 22687 | Snake:4  | Entered Level 4 of the Snake Pit
 22840 | Snake:4  | Identified the serpent talisman of Resonance {Str+4 Int-4}
 22840 | Snake:4  | Noticed Aizul
 22858 | Snake:4  | Killed Aizul
 22875 | Snake:4  | Identified a scroll of acquirement
 23002 | Snake:4  | Noticed Donald
 23016 | Snake:4  | Killed Donald
 23033 | Snake:4  | Reached skill level 17 in Axes
 23039 | Snake:4  | Noticed Vashnia
 23055 | Snake:4  | Killed Vashnia
 23065 | Snake:4  | Reached XP level 18. HP: 44/107 MP: 26/26
 23070 | Snake:4  | Received a gift from Okawaru
 23105 | Snake:4  | Reached skill level 18 in Axes
 23184 | Snake:4  | Got a serpentine rune of Zot
 23206 | Snake:4  | Got a jade gem with 1600 turns to spare
 23343 | Snake:2  | Received a gift from Okawaru
 23407 | Snake:2  | Noticed Jorgrun
 23424 | Snake:2  | Killed Jorgrun
 23525 | Snake:1  | Received a gift from Okawaru
 23693 | Slime:1  | Entered Level 1 of the Pits of Slime
 23694 | Slime:1  | :oh
 23694 | Slime:1  | :wait
 23694 | Slime:1  | :800
 23694 | Slime:1  | :maybe vaults first
 23694 | Slime:1  | :600*
 23864 | D:8      | :i am angry
 23864 | D:8      | :ANGRY about ELVES
 23944 | Elf:1    | Entered Level 1 of the Elven Halls
 24011 | Elf:1    | Acquired a manual of Axes
 24151 | Elf:3    | Entered Level 3 of the Elven Halls
 24189 | Elf:3    | Noticed Louise
 24206 | Elf:3    | Killed Louise
 24214 | Elf:3    | Noticed a deep elf master archer
 24214 | Elf:3    | Noticed a deep elf blademaster
 24219 | Elf:3    | Killed a deep elf blademaster
 24219 | Elf:3    | Received a gift from Okawaru
 24219 | Elf:3    | Killed a deep elf master archer
 24220 | Elf:3    | Reached skill level 15 in Fighting
 24220 | Elf:3    | Reached XP level 19. HP: 47/124 MP: 27/27
 24254 | Elf:3    | Identified the +2 ring mail "Hodi" {^Drain Fly rPois Int+2}
 24278 | Elf:3    | Identified the +3 ring mail of the Shining One's Hope
                  | {rPois}
 24280 | Elf:3    | Got a shimmering gem with 1501 turns to spare
 24288 | Elf:3    | Identified the +6 hand axe "Veramusmo" {vamp, Fly rCorr
                  | Str-3 Int+5}
 24298 | Elf:3    | Identified the +5 ring mail of the Guild-Master {Int+3
                  | Slay+3}
 24303 | Elf:3    | Identified the +1 leather armour of Starshine {MP+9}
 24306 | Elf:3    | Got the Elucidation of the Heavy Mausoleum
 24392 | Elf:3    | Identified the +1 robe of Simobb {rN+++ Int+5 Dex-5}
 24396 | Arena    | Entered the Arena
 24483 | Elf:2    | Found a runed translucent gate.
 24484 | Elf:2    | Found a runed translucent gate.
 24484 | Elf:2    | Found a runed translucent gate.
 24604 | Elf:2    | Received a gift from Okawaru
 24868 | Elf:2    | Found Liethank's Armour Boutique.
 24895 | Elf:3    | Noticed Norris
 24913 | Elf:3    | Killed Norris
 24927 | Elf:3    | Noticed Mara
 24940 | Elf:3    | Noticed Implojin's illusion
 24940 | Elf:3    | Killed Mara
 24988 | Elf:2    | Bought the +1 cloak of the Ego {-Cast Rampage rC+ Dex+4}
                  | for 398 gold pieces
 25005 | Elf:3    | Reached skill level 10 in Throwing
 25102 | Elf:1    | Received a gift from Okawaru
 25321 | Vaults:1 | Entered Level 1 of the Vaults
 25453 | Vaults:1 | Received a gift from Okawaru
 25582 | Vaults:1 | Reached XP level 20. HP: 97/134 MP: 28/28
 25805 | Vaults:2 | Received a gift from Okawaru
 25971 | Vaults:1 | Reached skill level 10 in Armour
 26030 | Vaults:1 | Received a gift from Okawaru
 26165 | Vaults:3 | Received a gift from Okawaru
 26183 | Arena    | Entered the Arena
 26212 | Vaults:3 | Paralysed by a sphinx for 2 turns
 26542 | Vaults:3 | Reached XP level 21. HP: 119/141 MP: 29/29
 26575 | Vaults:3 | Received a gift from Okawaru
 26576 | Vaults:3 | Reached skill level 15 in Armour
 26668 | Vaults:3 | Found a runed translucent gate.
 26668 | Vaults:3 | Found a runed translucent gate.
 26668 | Vaults:3 | Found a runed translucent gate.
 26668 | Vaults:3 | Noticed Namoxzo's ghost (adept VSBr)
 26670 | Vaults:3 | Found an iron altar of Okawaru.
 26686 | Vaults:3 | Reached skill level 5 in Dodging
 26686 | Vaults:3 | Killed Namoxzo's ghost
 26703 | Vaults:3 | Identified the +0 chain mail "Bamapen" {rPois Will+}
 26790 | Vaults:4 | Noticed Jory
 26816 | Vaults:4 | Killed Jory
 26816 | Vaults:4 | Received a gift from Okawaru
 27094 | Vaults:3 | Got the Teachings on the Lungs
 27323 | Vaults:3 | Received a gift from Okawaru
 27461 | Vaults:4 | Reached skill level 10 in Dodging
 27577 | Vaults:4 | Received a gift from Okawaru
 27584 | Vaults:4 | Reached XP level 22. HP: 97/147 MP: 30/30
 27712 | Vaults:5 | Entered Level 5 of the Vaults
 27721 | Vaults:5 | Noticed Saint Roka
 27727 | Vaults:5 | Noticed Sojobo
 27728 | Vaults:5 | HP: 6/147 [Saint Roka/divine providence (8)]
 27736 | Vaults:5 | Killed Saint Roka
 27736 | Vaults:5 | Received a gift from Okawaru
 27753 | Arena    | Entered the Arena
 27856 | Vaults:5 | Identified the +0 helmet of Duuk {Int-5 Dex+3 Stlth+}
 27865 | Vaults:5 | Received a gift from Okawaru
 27890 | Vaults:5 | Got the Incunabulum of the Septic Glacier
 27912 | Vaults:5 | Identified the ring "Ocwac" {MP+9 Dex+3}
 27983 | Vaults:5 | Noticed a golden dragon
 27983 | Vaults:5 | Noticed Bai Suzhen
 28019 | Vaults:5 | Killed a golden dragon
 28030 | Vaults:5 | Killed Bai Suzhen
 28040 | Vaults:5 | Received a gift from Okawaru
 28084 | Vaults:5 | Identified the +1 ring mail of Piejedus {Str+3 Stlth+}
 28110 | Vaults:5 | Identified the ring "Qogad" {rCorr Str+2 Dex+5}
 28124 | Vaults:5 | Identified the +0 chain mail "Gesh" {*Slow rElec rF+ Str+4}
 28162 | Vaults:5 | Identified the +1 war axe "Qaseifub" {holy, ^Fragile Will+
                  | Dex+2}
 28196 | Vaults:5 | Got the Thoughts on the Volley
 28252 | Vaults:5 | Identified the +3 scale mail of the Original Sin {^Contam
                  | Fly Str+7}
 28260 | Vaults:5 | Acquired the amulet of Higestah {Regen+ Dex+5}
 28275 | Vaults:5 | Got a silver rune of Zot
 28277 | Vaults:5 | Got a shining gem with 1192 turns to spare
 28337 | Vaults:5 | Paralysed by an air elemental for 1 turns
 28339 | Vaults:5 | Killed Sojobo
 28355 | Vaults:5 | Reached XP level 23. HP: 79/152 MP: 31/31
 29251 | Slime:1  | Reached skill level 15 in Dodging
 29270 | Slime:2  | Gained mutation: Your magical capacity is low. (-10% MP) [a
                  | shining eye]
 29339 | Slime:3  | Reached skill level 19 in Axes
 29436 | Slime:3  | You are sucked into a shaft and drop 1 floor!
 29448 | Slime:4  | Lost mutation: Your magical capacity is low. (-10% MP) [a
                  | shining eye]
 29476 | Slime:4  | Reached skill level 20 in Axes
 29515 | Slime:5  | Entered Level 5 of the Pits of Slime
 29517 | Slime:5  | Gained mutation: You are frail. (-10% HP) [a shining eye]
 29539 | Slime:5  | Noticed the Royal Jelly
 29559 | Slime:5  | Killed the Royal Jelly
 29561 | Slime:5  | Identified the ring of Soboh {rC+ rCorr}
 29596 | Slime:5  | Identified the +0 leather armour of Articulation {+Inv rN+
                  | Int-3}
 29622 | Slime:5  | Got the Writings on Gusts
 29636 | Slime:5  | Reached skill level 21 in Axes
 29711 | Slime:5  | Got a slimy rune of Zot
 29713 | Slime:5  | Got a starry gem with 220 turns to spare
 29714 | Slime:5  | Identified the ring of the Inviting Priest {rPois rF+++
                  | Will- SInv}
 29736 | Slime:5  | Identified the +0 tower shield of Sosirus {rPois}
 29789 | Slime:5  | Got the Catalogue of the Puissant Lithosphere
 30146 | Orc:2    | Bought the +10 tower shield of Ignorance {rN+ Int-4} for
                  | 744 gold pieces
 30146 | Orc:2    | Bought a +2 pair of gloves of dexterity for 279 gold pieces
 30146 | Orc:2    | Found the +10 tower shield of Ignorance {rN+ Int-4}
 30412 | D:1      | Bought the ring of Rationality {rC+ Will+ Int+3 SInv} for
                  | 594 gold pieces
 30888 | Depths:1 | Entered Level 1 of the Depths
 31046 | Depths:2 | Found a runed translucent door.
 31048 | Depths:2 | Noticed nocore's ghost (veteran OnSh)
 31127 | Depths:3 | Reached skill level 22 in Axes
 31129 | Depths:3 | Reached XP level 24. HP: 134/141 MP: 29/31
 31248 | Depths:4 | Entered Level 4 of the Depths
 31269 | Depths:4 | Identified the ring "Oschil" {rElec rCorr AC+4}
 31279 | Depths:4 | Received a gift from Okawaru
 31325 | Arena    | Entered the Arena
 31396 | Depths:4 | Found a gateway to Hell.
 31404 | Depths:4 | Found a transporter.
 31427 | Depths:4 | Found a transporter.
 31468 | Depths:4 | Noticed a juggernaut
 31483 | Depths:4 | Killed a juggernaut
 31484 | Depths:4 | Reached skill level 15 in Shields
 31485 | Depths:4 | Identified the ring of Xagu {rN+ Dex+4}
 31494 | Depths:4 | Found a blossoming altar of Fedhas.
 31556 | Depths:4 | Found a one-way gate leading to the halls of Pandemonium.
 31686 | Depths:4 | Found a one-way gate to the infinite horrors of the Abyss.
 31741 | Depths:4 | Identified the ring of the Clam {Wiz +Blink rF+}
 31775 | Depths:4 | Acquired a +2 pair of boots of flying
 31792 | Depths:4 | Acquired 661 gold pieces
 31794 | Depths:4 | Acquired 919 gold pieces
 31807 | Depths:4 | Received a gift from Okawaru
 31820 | Depths:4 | Found a gate to the Realm of Zot.
 31826 | Depths:4 | Got a midnight gem with 2213 turns to spare
 31901 | Depths:4 | Found a one-way gateway to a ziggurat.
 31964 | Depths:4 | Voluntarily entered the Abyss.
 31985 | Abyss:2  | Found a hide-covered altar of Uskayaw.
 32080 | Arena    | Entered the Arena
 32106 | Abyss:2  | Found a corrupted altar of Lugonu.
 32203 | Abyss:4  | Found a corrupted altar of Lugonu.
 32241 | Depths:4 | Escaped the Abyss
 32252 | Depths:4 | Voluntarily entered the Abyss.
 32252 | Abyss:4  | Found a corrupted altar of Lugonu.
 32425 | Abyss:4  | Got an abyssal rune of Zot
 32430 | Depths:4 | Escaped the Abyss
 32471 | Zot:1    | Entered Level 1 of the Realm of Zot
 32494 | Zot:1    | Reached XP level 25. HP: 146/146 MP: 18/31
 32983 | Zot:5    | Entered Level 5 of the Realm of Zot
 33065 | Zot:5    | Got a prismatic gem with 440 turns to spare
 33076 | Zot:5    | Noticed an ancient lich
 33094 | Zot:5    | Killed an ancient lich
 33149 | Zot:5    | Noticed an ancient lich
 33158 | Zot:5    | Noticed a Killer Klown
 33158 | Zot:5    | Noticed a Killer Klown
 33160 | Zot:5    | Noticed an orb of fire
 33175 | Zot:5    | Killed an orb of fire
 33177 | Zot:5    | Noticed a Killer Klown
 33177 | Zot:5    | Noticed a Killer Klown
 33178 | Zot:5    | Noticed an orb of fire
 33191 | Zot:5    | Killed a Killer Klown
 33194 | Zot:5    | Killed a Killer Klown
 33196 | Zot:5    | Killed a Killer Klown
 33196 | Zot:5    | Gained mutation: Your body sometimes deteriorates upon
                  | taking damage. [an orb of fire]
 33201 | Zot:5    | Gained mutation: You are very dopey. (Int -4) [an orb of
                  | fire]
 33204 | Zot:5    | Killed an orb of fire
 33206 | Zot:5    | Killed an ancient lich
 33218 | Zot:5    | Killed a Killer Klown
 33221 | Zot:5    | Noticed a Killer Klown
 33224 | Zot:5    | Noticed a Killer Klown
 33233 | Zot:5    | Killed a Killer Klown
 33239 | Zot:5    | Killed a Killer Klown
 33261 | Zot:5    | Noticed an orb of fire
 33271 | Zot:5    | Gained mutation: You have a pair of small antennae on your
                  | head. [an orb of fire]
 33276 | Zot:5    | Killed an orb of fire
 33315 | Zot:5    | Noticed a Killer Klown
 33349 | Zot:5    | Killed a Killer Klown
 33350 | Zot:5    | Reached XP level 26. HP: 81/151 MP: 28/31
 33356 | Zot:5    | Got the Orb of Zot
 33568 | Depths:3 | Noticed Mootenism the pandemonium lord
 33601 | Depths:3 | Killed Mootenism the pandemonium lord
 34012 | D:1      | Noticed Focvid the pandemonium lord
 34022 | D:$      | Escaped with the Orb!

Illustrated notes #.##.........?.## ##.......... #.#.............####........... #.#.............####........... #.#.............####........... #...............####........... #.#.....).......####........... #.#.............####........... #.#.............####........... #.##..........@##++##.......... #.###.........##CC..##........^ #.# ##.......##......##.......# #.# #########........######### #.# ########+=.......+######## #.# ########+........+######## #.# #########........######### #.# ##.......##......##.......# #.###.........##....##......... Turn 12895 on D:12: :what's going on with this vault, i wonder ######### ##..▓∩▓..## ##.p▓▓°▓▓p.## ##.p▓▓...▓▓p.## #.p▓▓.....▓▓p.# #.▓▓.......▓▓.# #▓▓.........▓▓# #▓.....∩.....▓# #▓▓....†@...▓▓# #.▓▓.......▓▓.# #..▓▓.....▓▓p.# ##.p▓▓...▓▓p.## ##.p▓▓▓▓▓p.## ##..p#...## ######### Turn 20370 on Arena: :oh i guess i didnt need duel, gargoyle probably petrify immune? ..###+.....#'[....#~~~~ #.#.~....#..$#.###~~~ ~....##.##.....~~# ~ .........†.†...~~~# ~~~~~...=.~~~~~~~~~# #..~~.cc~~##...#~~~ #####8(8#########~~ #)))~#~~..# #.)))@~...# ,#).H#)~~..... ...kc.....~..... ....#8.c#.c...#~# ..~.##~m~#c...## # ##'# #~~~##t..# ~~~ #~~~# ..tH ~~ #~~~# ..... ~ Turn 21561 on Shoals:4: :what .....# ..... ....## ##.^..## #......## ###.......# ##.........## #....@....... ............... ...#.......#... . #.>.....# . .........# .......J... ...#......... .............. Turn 23694 on Slime:1: :oh

#[####.## #....# #.##.###.
##.####..########.)..# #.#..###.
#.............#..)[..# #.#......
#..#####..###.#.#.[..# #.#<#.##.
#..# ######.....#### #.###.##.
#..# #.##.........## #.# #.##.
#..# #.#...........###.###.##.
#..# #..............##.#...##.
##..## #.......@.........#.###..
.....# #..............##.#...+..
.....# #.#...........###.#####..
.....# #.##.........##...### #..
.....# ######.....####.....#####
.....#########.#.###.........##
.....+............##..........###
.....######..#.#..##........#....
.....# #.#...#...........+....


Turn 23864 on D:8: :i am angry

Levels and vault maps discovered:
D:1:      matt_arrival_los_fun, layout_basic, nicolae_shop_unique_rings
D:2:      layout_basic, basic_altar, lemuel_flame_loot_1
D:3:      layout_loops_cross, mainiacjoe_overflow_concentric_impassable,
          uniq_jessica
D:4:      layout_rooms, minmay_lizard_king
D:5:      layout_basic
D:6:      old_forge, layout_rooms, cheibrodos_sewer_entry_bend, uniq_edmund
D:7:      layout_loops_cross, mainiacjoe_overflow_alcove_2, lemuel_tele_altar,
          minmay_temple_entry_grid, enter_ossuary_4, grunt_ogre_cave,
          uniq_prince_ribbit1
D:8:      layout_basic, erik_lair_orcish_takeover,
          nicolae_shop_overcharged_wands, uniq_grum
D:9:      layout_basic, mainiacjoe_overflow_small_starburst,
          mainiacjoe_overflow_paths
D:10:     layout_rooms, lemuel_crystal_altar,
          mainiacjoe_overflow_six_doors_small, orc_david_3, minmay_door_square,
          due_unseen_surprise
D:11:     layout_irregular_city, serial_shops, shop
D:12:     minmay_five_octagons, layout_basic, kennysheep_cluttered_room
D:13:     minmay_the_grid_triangle_9x9_recursive_3
          [minmay_the_grid_triangle_9x9_minimal,
          minmay_the_grid_triangle_9x9_shrine,
          minmay_the_grid_triangle_9x9_skeleton,
          minmay_the_grid_triangle_9x9_prize_insulated,
          minmay_the_grid_triangle_9x9_from_above,
          minmay_the_grid_triangle_9x9_cache,
          minmay_the_grid_triangle_9x9_wacky_v,
          minmay_the_grid_triangle_9x9_descending_squares,
          minmay_the_grid_triangle_9x9_negative_grid], layout_basic,
          gauntlet_entry_generic
D:14:     layout_loops_corners, hellmonk_vaults_attempted_burglary
D:15:     grunt_enter_depths_giant_problem, layout_loops_ring,
          good_gods_mini_temple, roadster_capsule_ark_zombie
Temple:   regret_index_temple_generic_petals
Lair:1:   layout_regular_city, beast_lair_carwin_2, uniq_jeremiah
Lair:2:   layout_loops_ring, minmay_shoals_entry_hut,
          alex1729_snake_entry_snake, serial_bayou_shore_a
Lair:3:   layout_cellular_growth
Lair:4:   layout_loops_ring, pdpol_lair_cabin_in_the_woods,
          infiniplex_staircase_pool
Lair:5:   evilmike_catoblepas_cave, layout_hall_layers, slime_entry_1,
          minmay_lair_oklob_bushes, serial_bayou_shore_b, uniq_rupert
Shoals:1: layout_shoals, nicolae_shop_clearance
Shoals:2: argonaut_golden_fleece, layout_shoals
Shoals:3: layout_shoals, nicolae_shoals_lost_giant_temple
Shoals:4: shoals_end_hellmonk_lost_city
Snake:1:  layout_honeycomb, serial_bayou_shore_b
Snake:2:  layout_chambers, nicolae_triple_integral, lemuel_fruit_tree,
          uniq_jorgrun, uniq_frances
Snake:3:  layout_grid_maze
Snake:4:  johnstein_snake_rune_scales, layout_basic, serial_shops, shop,
          grunt_megastairs_5, uniq_vashnia, uniq_donald, uniq_aizul
Slime:1:  layout_caves
Slime:2:  layout_caves
Slime:3:  layout_caves, nicolae_slime_phagocytosis
Slime:4:  layout_caves
Slime:5:  slime_pit_nicolae_amoeboid
Orc:1:    layout_caves
Orc:2:    st_orc_rangers, layout_diamond_mine, minmay_orc_barracks
Elf:1:    elf_arrival_002, layout_loops_corners, special_room
          [special_room_orc], serial_shops, nicolae_shop_real_fake_doors,
          minmay_elf_demonology
Elf:2:    nicolae_elf_blades_crystal_corner, layout_geoelf_octagon,
          serial_shops, nicolae_take_the_stairs
Elf:3:    minmay_elf_hall_curves, layout_loops_ring, uniq_norris, uniq_mara,
          uniq_louise
Vaults:1: ontoclasm_vaults_ring_square, vaults_dpeg_hooks,
          nicolae_vaults_spaceships, ontoclasm_vaults_shout,
          nicolae_vaults_tetromino_T_1, nicolae_vaults_diamond_2,
          vaults_dpeg_cross, nicolae_vaults_tetromino_T_2, v_pattern_2,
          vaults_dpeg_encased_lava, layout_vaults_omnigrid
Vaults:2: ontoclasm_vaults_claustrophobia, nicolae_vaults_variable_pillar_hall,
          nicolae_vaults_trapezoid_4, v_misc_11, ontoclasm_vaults_idyll,
          v_misc_15, nicolae_vaults_trapezoid_1, hangedman_vaults_capsules,
          nicolae_vaults_trapezoid_lopsided_3, layout_vaults_chaotic_city
Vaults:3: gammafunk_ghost_fury_of_okawaru, minmay_crypt_entry_vampire_xt,
          hangedman_vaults_hat, grunt_vaults_diagonal, v_misc_19,
          nicolae_vaults_apartment_1, nicolae_vaults_network_periphery,
          nicolae_vaults_arrows, grunt_vaults_hallway_long,
          nicolae_vaults_alarming, vaults_dpeg_ring,
          nicolae_vaults_closet_pinwheel_6, nicolae_vaults_diamond_2,
          layout_vaults_omnibox
Vaults:4: nicolae_vaults_ninety_degrees, nicolae_vaults_offset_grid_hallway_1,
          nicolae_vaults_puzzle_piece, vaults_room_pool, hangedman_vaults_nodes,
          v_pattern_3, nicolae_vaults_puzzle_piece, v_misc_30,
          nicolae_vaults_loss_of_containment, nicolae_vaults_tetromino_Z_1,
          hangedman_vaults_stretched_pinwheel, vaults_room_door_ring,
          nicolae_vaults_trapezoid_1, layout_vaults_maze, serial_magic_research,
          hangedman_research_convocations, hangedman_research_quantum,
          hangedman_research_thermodynamics, uniq_jory, uniq_margery
Vaults:5: uniq_bai_suzhen, uniq_sojobo, uniq_saint_roka
Depths:1: layout_basic, pf_vacation_house_of_asmodeus,
          hangedman_abyss_entry_splay, nicolae_transporter_intersection
Depths:2: minmay_roctagon, layout_twisted_cross,
          muffindrake_ghost_dead_mans_drink, hell_entry, rand_demon_pan_entry_8,
          abyss_entry_small_statue_room, nicolae_elevator_lobby_asterisk,
          infiniplex_staircase_squiggle
Depths:3: hangedman_box_tower, layout_honeycomb,
          grunt_dithmenos_smoke_and_mirrors, minmay_room_of_horrors, hell_entry,
          serial_bayou_shore_b
Depths:4: hangedman_spin_cycle, hell_entry, abyss_entry, pan_entry
Zot:1:    layout_concentric_octagons
Zot:2:    lemuel_firehouse, layout_cathedral_of_symmetry,
          regret_index_zotdec_glowing_original, grunt_megastairs_2, uniq_tiamat
Zot:3:    layout_twisted_circle, nicolae_lava_and_water,
          regret_index_zotdec_dark_gr, lemuel_lich_library
Zot:4:    hangedman_orp_of_zott, layout_misc_corridors, st_small_dragon_hoard_1,
          hangedman_zot_decor_tridents, uniq_vv
Zot:5:    layout_cathedral_of_symmetry

Skill      XL: |  1  2  3  4  5  6  7  8  9 10 11 12 13 14 15 16 17 18 19 20 21 22 23 24 25 26 |
---------------+-------------------------------------------------------------------------------+-----
Unarmed Combat | 4 5 6 7 8 10 12 15 | 15.0
Fighting       | 4 6 7 10 15 17 18 | 18.0
Stealth        | 4 |  4.0
Throwing       | 2 3 5 10 | 10.0
Invocations    | 6 10 11 | 11.0
Armour         | 4 8 14 15 | 15.0
Evocations     | 3 6 |  6.0
Shields        | 7 10 15 | 15.0
Axes           | 7 12 15 17 18 22 | 22.0
Translocations | 6 8 |  8.0
Dodging        | 10 14 15 16 19 20 | 20.1

Action                     |  1- 3 |  4- 6 |  7- 9 | 10-12 | 13-15 | 16-18 | 19-21 | 22-24 | 25-27 || total
---------------------------+-------+-------+-------+-------+-------+-------+-------+-------+-------++-------
  Melee: Unarmed           |   155 |   130 |   555 |   831 |   564 |       |       |       |       ||  2235
         Punch             |     2 |       |       |       |       |       |       |       |       ||     2
         Broad axe         |       |       |       |       |   446 |   871 |   899 |  1176 |   452 ||  3844
  Throw: Dart              |     4 |    14 |    11 |    80 |     7 |     2 |     1 |     1 |       ||   120
         Throwing net      |     1 |     1 |     2 |       |     2 |       |       |       |       ||     6
         Boomerang         |       |       |       |     6 |    66 |    35 |    72 |    49 |    24 ||   252
         Javelin           |       |       |       |       |       |       |       |    24 |       ||    24
   Cast: Apportation       |       |       |       |       |       |     6 |     4 |       |       ||    10
 Invoke: Heroism           |       |       |       |     6 |    18 |    24 |    25 |    29 |    13 ||   115
         Receive Weapon    |       |       |       |       |     1 |       |       |       |       ||     1
         Receive Armour    |       |       |       |       |     1 |       |       |       |       ||     1
         Finesse           |       |       |       |       |     1 |    10 |     9 |    10 |     6 ||    36
         Duel              |       |       |       |       |       |     3 |     2 |     3 |       ||     8
  Evoke: Wand              |       |       |       |    11 |       |     1 |     1 |       |     5 ||    18
         Phial of floods   |       |       |       |       |     1 |     2 |     1 |     1 |       ||     5
         Condenser vane    |       |       |       |       |       |       |       |     1 |       ||     1
    Use: Scroll            |     1 |     5 |     9 |     8 |    20 |    11 |    11 |    19 |     3 ||    87
         Potion            |       |       |     4 |     1 |     3 |    18 |    14 |    18 |    10 ||    68
   Stab: Held in net/web   |     1 |     2 |     2 |       |     2 |       |       |       |       ||     7
         Sleeping          |     1 |       |     2 |       |     1 |       |       |     8 |     3 ||    15
         Fleeing           |       |       |       |     2 |       |       |       |       |       ||     2
         Paralysed         |       |       |       |     8 |       |       |       |       |       ||     8
         Invisible         |       |       |       |       |       |    30 |       |       |     5 ||    35
         Distracted        |       |       |       |       |       |       |       |     3 |     1 ||     4
 Armour: Leather armour    |    98 |       |       |       |       |       |       |       |       ||    98
         Scale mail        |    10 |    67 |   352 |   548 |       |       |       |    61 |       ||  1038
         Troll leather arm |       |       |       |    84 |   131 |       |       |       |       ||   215
         Chain mail        |       |       |       |       |   384 |   325 |   337 |   100 |       ||  1146
         Fire dragon scale |       |       |       |       |       |       |       |   227 |   100 ||   327
  Dodge: Dodged            |   115 |    49 |   189 |   433 |   699 |   284 |   220 |   595 |   202 ||  2786
  Block: Buckler           |    29 |    36 |   110 |   212 |    61 |       |       |       |       ||   448
         Kite shield       |       |       |       |       |  1564 |  1451 |  1171 |  1438 |       ||  5624
         Tower shield      |       |       |       |       |       |       |       |   136 |   573 ||   709

Table legend: (Time is in decaauts)
 A = Elapsed time spent in this place.
 B = Non-inter-level travel time spent in this place.
 C = Inter-level travel time spent in this place.
 D = Time resting spent in this place.
 E = Time spent auto-exploring this place.
 F = Levels seen in this place.
 G = Mean time per level.
                   A        B        C        D        E       F      G
               +--------+--------+--------+--------+--------+-----+--------+
         Total |  32580 |  29497 |   3083 |   1212 |  10450 |  70 |  465.4 |
       Dungeon |  17623 |  15373 |   2250 |    796 |   9117 |  15 | 1174.9 |
        Temple |     75 |      2 |     73 |      0 |      0 |   1 |   75.0 |
          Lair |   1932 |   1703 |    229 |      0 |      0 |   5 |  386.4 |
        Shoals |   1026 |   1026 |      0 |      0 |      0 |   4 |  256.5 |
     Snake Pit |   1138 |   1138 |      0 |      0 |      0 |   4 |  284.5 |
    Slime Pits |    525 |    525 |      0 |      0 |      0 |   5 |  105.0 |
  Orcish Mines |   2250 |   1784 |    466 |    325 |    885 |   2 | 1125.0 |
   Elven Halls |   1115 |   1090 |     25 |      0 |      0 |   3 |  371.7 |
        Vaults |   3023 |   3023 |      0 |     54 |      0 |   5 |  604.6 |
        Depths |   1090 |   1053 |     37 |      0 |      0 |   4 |  272.5 |
           Zot |    890 |    890 |      0 |      0 |      0 |   5 |  178.0 |
         Abyss |    399 |    399 |      0 |      0 |      0 |   6 |   66.5 |
         Sewer |    397 |    397 |      0 |      0 |    176 |   1 |  397.0 |
       Ossuary |    521 |    521 |      0 |      0 |    250 |   1 |  521.0 |
      Gauntlet |    429 |    429 |      0 |     28 |     22 |   1 |  429.0 |
         Arena |    138 |    138 |      0 |      9 |      0 |   8 |   17.2 |
               +--------+--------+--------+--------+--------+-----+--------+

Top non-repeatable levels by time:
    D:13: 1848 daAuts
   Orc:2: 1685 daAuts
     D:8: 1661 daAuts
    D:12: 1610 daAuts
     D:1: 1519 daAuts
    D:14: 1480 daAuts
    D:10: 1266 daAuts
     D:2: 1129 daAuts
     D:6: 1057 daAuts
     D:7: 1054 daAuts
    D:11: 1016 daAuts
    D:15: 958 daAuts
     D:3: 947 daAuts
Vaults:3: 933 daAuts
     D:9: 811 daAuts
